 Dungeon Crawl Stone Soup version 0.29.1-13-g9f3cf754e1 (webtiles) character file.

Game seed: 10444145621322231126

77 sizableburger the Insei (level 4, -1/37 HPs)
             Began as a Deep Elf Transmuter on Feb 2, 2023.
             Was an Initiate of Makhleb.
             Slain by a gnoll
             ... wielding a +0 halberd
              (15 damage)
             ... on level 4 of the Dungeon.
             The game lasted 00:07:08 (3532 turns).

sizableburger the Insei (Deep Elf Transmuter)       Turns: 3532, Time: 00:07:08

Health: -1/37      AC:  2    Str:  9    XL:     4   Next: 14%
Magic:  7/10       EV: 12    Int: 18    God:    Makhleb [......]
Gold:   101        SH:  0    Dex: 15    Spells: 3/9 levels left

rFire   . . .      SeeInvis .     - Unarmed
rCold   . . .      Faith    .   j - orb {*Rage}
rNeg    . . .      Spirit   .   a - +0 robe
rPois   .          Reflect  .   (helmet currently unavailable)
rElec   .          Harm     .   (no cloak)
rCorr   .          Rampage  .   (no gloves)
Will    +....      Rage     20% (boots currently unavailable)
Stlth   ..........              (no amulet)
HPRegen 0.12/turn               h - ring of willpower
MPRegen 0.12/turn               (no ring)

@: berserking, appendages, wereblooded, very quick
A: horns 2, talons 2
a: End Transformation, Renounce Religion


You were on level 4 of the Dungeon.
You worshipped Makhleb.
Makhleb was noncommittal.
You had temporarily grown beastly horns and talons.
You visited 1 branch of the dungeon, and saw 4 of its levels.

You collected 101 gold pieces.

Inventory:

Missiles
 s - 4 atropa-tipped darts
Armour
 a - a +0 robe (worn)
 f - a +0 pair of boots (melded)
 j - an orb of wrath (worn)
Jewellery
 e - an amulet of faith
 h - a ring of willpower (left hand)
 x - a ring of ice
Scrolls
 c - a scroll of fog {unknown}
 d - a scroll of poison
 g - a scroll of torment {unknown}
 i - 2 scrolls of silence
 k - a scroll of blinking {unknown}
 l - a scroll of teleportation {unknown}
 m - a scroll of immolation {unknown}
 o - a scroll of vulnerability {unknown}
 p - 2 scrolls of enchant armour {unknown}
 q - a scroll of noise {unknown}
 r - a scroll of magic mapping {unknown}
 v - a scroll of acquirement {unknown}
 y - a scroll of identify
Potions
 b - a potion of lignification
 n - 4 potions of curing
 t - a potion of ambrosia {unknown}
 u - a potion of mutation {unknown}
 w - a potion of haste {unknown}
 z - a potion of brilliance {unknown}
 A - a potion of might {unknown}


   Skills:
 - Level 1.1 Fighting
 - Level 2.4 Dodging
 + Level 3.6 Unarmed Combat
 - Level 3.0 Spellcasting
 - Level 2.4 Transmutations
 + Level 1.5 Poison Magic


You had 3 spell levels left.
You knew the following spells:

 Your Spells              Type           Power      Damage    Failure   Level
a - Beastly Appendage     Tmut           22%        N/A       6%          1
b - Wereblood             Tmut           11%        N/A       9%          2
c - Spider Form           Tmut/Pois      9%         N/A       22%         3

Your spell library contained the following spells:

 Spells                   Type           Power      Damage    Failure   Level
 Magic Dart               Conj           8%         1d3       16%         1
 Call Imp                 Summ           2%         N/A       24%         2
 Mephitic Cloud           Conj/Pois/Air  4%         N/A       36%         3
 Ice Form                 Ice/Tmut       7%         N/A       69%         4


Dungeon Overview and Level Annotations

Branches:
Dungeon (4/15)
 Temple: D:4-7

Altars:
Makhleb


Innate Abilities, Weirdness & Mutations

You have temporarily grown beastly horns and talons.


Message History

You have reached level 4!
You feel clever.
Your transformation is almost over.
Magic restored.
Your horns disappear.
Your talons disappear.
Your +0 pair of boots unmelds from your body.
Found a potion of degeneration.
n - 4 potions of curing (gained 2)
A gnoll comes into view. It is wielding a +0 whip.
Okay, then.
Okay, then. 2 gnolls come into view.
The gnoll shouts! x2
Casting: Beastly Appendage (safe; 6% risk of failure)
Confirm with . or Enter, or press ? or * to list all spells.
Your blood is infused with primal strength.
Casting: Wereblood (safe; 9% risk of failure)
Confirm with . or Enter, or press ? or * to list all spells.
You grow a pair of large bovine horns.
Your feet morph into talons.
Your +0 pair of boots melds into your body.
The gnoll hits you with a +0 whip.
You hit the gnoll. Your kick misses the gnoll.
The gnoll is heavily wounded.
The gnoll hits you with a +0 whip.
You hit the gnoll.
The gnoll is heavily wounded.
The gnoll misses you.
A red film seems to cover your vision as you go berserk!
You feel yourself moving faster!
You feel mighty!
You closely miss the gnoll. You claw the gnoll.
You feel a bit better.
You kill the gnoll!
Makhleb accepts your kill.
You are too berserk!
You are too berserk!
The gnoll misses you.
The gnoll hits you from afar with a +0 halberd!
You see here a +0 whip.
You feel a strong urge to attack something.
The gnoll closely misses you. The gnoll hits you with a +0 halberd!
You die...

..............#####....
.......###............$
..................#...
#########......!..#
##..##....# #.. ###..#
#.. #..# #....##).#
+.#....@!# ##..gg.#
#...### #... #....
...... ..##... ## #...


You could see 2 gnolls.

Vanquished Creatures
  A gnoll (D:4)
  An adder (D:3)
  4 dart slugs
  4 bats
  5 endoplasms
  3 giant cockroaches (D:1)
  3 goblins
  8 hobgoblins
  2 jackals (D:2)
  2 quokkas
  4 ball pythons
  4 frilled lizards
  2 kobolds
  3 rats
46 creatures vanquished.

Notes
Turn   | Place    | Note
-------+----------+-------------------------------------------
     0 | D:1      | sizableburger the Deep Elf Transmuter began the quest for
                  | the Orb.
     0 | D:1      | Reached XP level 1. HP: 11/11 MP: 6/6
   202 | D:1      | Reached skill level 1 in Fighting
   336 | D:1      | Reached XP level 2. HP: 13/16 MP: 6/8
   680 | D:1      | Learned a level 2 spell: Wereblood
   725 | D:1      | Found a faded altar of an unknown god.
  1271 | D:2      | Found Butopug's Antique Weapon Shop.
  1300 | D:2      | Reached XP level 3. HP: 20/20 MP: 7/9
  1971 | D:2      | Learned a level 3 spell: Spider Form
  2505 | D:3      | Found a burning altar of Makhleb.
  3030 | D:3      | Reached skill level 1 in Poison Magic
  3433 | D:3      | Became a worshipper of Makhleb the Destroyer
  3469 | D:4      | Reached XP level 4. HP: 25/25 MP: 8/10
  3532 | D:4      | Slain by a gnoll

Illustrated notes

Levels and vault maps discovered:
D:1:      amcnicky_arrival_underground_garden, layout_basic,
          shapermc_ecumenical_altar_mp_ritualfount
D:2:      layout_rooms, serial_shops, shop
D:3:      kennysheep_six_static_rooms, layout_loops_corners,
          lightli_temple_of_fire, minmay_checkerbox
D:4:      layout_layer_cave, serial_shops, nicolae_shop_advertising_works
          [nicolae_subvault_shop_adworks], grunt_ministairs_11, minivault_11,
          chequers_avenue

Skill      XL: |  1  2  3 |
---------------+----------+-----
Fighting       | 1 |  1.1
Unarmed Combat | 3 |  3.6
Poison Magic   | 1 |  1.5
Dodging        | |  2.4
Spellcasting   | |  3.0
Transmutations | |  2.4

Action                   |  1- 3 |  4- 6 || total
-------------------------+-------+-------++-------
Melee: Unarmed           |   112 |     3 ||   115
       Headbutt          |    14 |       ||    14
       Kick              |    24 |     1 ||    25
 Cast: Beastly Appendage |    34 |     1 ||    35
       Wereblood         |       |     1 ||     1
  Use: Scroll            |     4 |       ||     4
 Stab: Sleeping          |     2 |       ||     2
       Distracted        |     1 |       ||     1
Armor: Robe              |    29 |       ||    29
Dodge: Dodged            |    92 |     3 ||    95
